 Dungeon Crawl Stone Soup version 0.31-a0-1370-gf52a5a9ab3 (webtiles) character file.

Game seed: 420963011616254322

11 Akett the Trooper (level 2, 32/32 HPs)
             Began as an Oni Cinder Acolyte on Dec 24, 2023.
             Was a High Priest of Ignis.
             Quit the game on level 1 of the Dungeon.
             The game lasted 00:01:57 (401 turns).

Akett the Trooper (Oni Cinder Acolyte)               Turns: 401, Time: 00:01:58

Health: 32/32      AC:  3    Str: 17    XL:     2   Next: 29%
Magic:  4/4        EV:  9    Int: 15    God:    Ignis [*****.]
Gold:   15         SH:  0    Dex:  4    Spells: 2/4 levels left

rFire   + . .        a - -1 hand axe (flame)
rCold   . . .        (no shield)
rNeg    . . .        b - +0 robe
rPois   .            (helmet restricted)
rElec   .            (no cloak)
rCorr   .            (gloves unavailable)
SInv    .            (boots unavailable)
Will    .....        (no amulet)
Stlth   +            (no ring)
HPRegen 0.25/turn    (no ring)
MPRegen 0.09/turn

%: no passive effects
@: no status effects
A: large, unfitting armour, horns 1, tough skin 1, double potion healing,
drunken brawling
a: Renounce Religion, Fiery Armour, Foxfire Swarm, Rising Flame


You were on level 1 of the Dungeon.
You worshipped Ignis.
Ignis was extremely pleased with you.
You visited 1 branch of the dungeon, and saw 1 of its levels.

You collected 15 gold pieces.

Inventory:

Hand Weapons
 a - a -1 hand axe of flaming (weapon)
Armour
 b - a +0 robe (worn)
Potions
 c - a potion of might {unknown}


   Skills:
 + Level 4.2 Fighting
 + Level 3.1 Axes
 + Level 1.6 Spellcasting
 + Level 2.8 Fire Magic


You had 2 spell levels left.
You knew the following spells:

 Your Spells              Type           Power      Damage    Failure   Level
a - Scorch                Fire           18%        2d5       11%         2

Your spell library contained the following spells:

 Spells                   Type           Power      Damage    Failure   Level
 Ensorcelled Hibernation  Hex/Ice        2%         N/A       34%         2
 Fugue of the Fallen      Necr           1%         N/A       56%         3
 Anguish                  Hex/Necr       0%         N/A       93%         4


Dungeon Overview and Level Annotations

Branches:
Dungeon (1/15)

Altars:


Innate Abilities, Weirdness & Mutations

You are too large for most types of armour.
You have a pair of small horns on your head.
You have tough skin. (AC +1)
You gain doubled healing and magic from potions.
Whenever you drink a healing potion, you attack all around you.


Message History

Nothing appears to happen.
Casting: Scorch (safe; 11% risk of failure)
Confirm with . or Enter, or press ? or * to list all spells.
Flames lash the kobold.
The kobold is severely wounded.
The kobold's fire resistance burns away.
The kobold hits you but does no damage.
You closely miss the kobold.
The kobold is severely wounded.
The kobold hits you with a +0 dagger.
You closely miss the kobold.
The kobold is severely wounded.
The kobold hits you with a +0 dagger.
You barely miss the kobold.
The kobold is severely wounded.
The kobold is no longer more vulnerable to fire.
The kobold barely misses you. The kobold hits you but does no damage.
You barely miss the kobold. Your headbutt misses the kobold.
The kobold is severely wounded.
The kobold closely misses you.
You hit the kobold. You burn the kobold.
You kill the kobold!
Your magical contamination has completely faded away.
You see here a +0 dagger.
You start resting.
HP restored.
Magic restored.
Found a flux talisman.
You see here a flux talisman.
You see here a flux talisman.
A rat comes into view.
The rat squeaks loudly.
You hit the rat. You burn the rat.
You kill the rat!
No target in view!
No target in view!
You now have 15 gold pieces (gained 5).
A hobgoblin comes into view.
The hobgoblin shouts!
Are you sure you want to abandon this character and quit the game? (Confirm with "yes".)

######.# ....8..#
###########
....#..#######..........
.<..#..#................
....#......###..........
....8......# #..........
###.##.....# ###.#######
....##.#.### #.#
.......#.# #@#
########.##........# #
#.##.####.#.# ########.#
..#... .†.......# ...
### ########## .... g##.
.. .#


You could see a hobgoblin.

Vanquished Creatures
  6 jackals (D:1)
  A kobold (D:1)
  A quokka (D:1)
  A rat (D:1)
9 creatures vanquished.

Notes
Turn   | Place    | Note
-------+----------+-------------------------------------------
     0 | D:1      | Akett the Oni Cinder Acolyte began the quest for the Orb.
     0 | D:1      | Reached XP level 1. HP: 24/24 MP: 2/2
    98 | D:1      | Reached XP level 2. HP: 19/32 MP: 2/4
   123 | D:1      | Learned a level 2 spell: Scorch
   401 | D:1      | Quit the game

Illustrated notes

Levels and vault maps discovered:
D:1:      scummos_arrival_simple_crosswalls, layout_basic

Action                     || total
---------------------------++-------
  Melee: Hand axe          ||    35
         Headbutt          ||     5
   Cast: Scorch            ||     3
 Armour: Robe              ||    25
  Dodge: Dodged            ||    20

Table legend: (Time is in decaauts)
 A = Elapsed time spent in this place.
 B = Non-inter-level travel time spent in this place.
 C = Inter-level travel time spent in this place.
 D = Time resting spent in this place.
 E = Time spent auto-exploring this place.
 F = Levels seen in this place.
 G = Mean time per level.
                   A        B        C        D        E       F      G
               +--------+--------+--------+--------+--------+-----+--------+
         Total |    406 |    406 |      0 |     21 |    265 |   1 |  406.0 |
       Dungeon |    406 |    406 |      0 |     21 |    265 |   1 |  406.0 |
               +--------+--------+--------+--------+--------+-----+--------+

Top non-repeatable levels by time:
     D:1: 406 daAuts
